 Dungeon Crawl Stone Soup version 0.28.0-53-g5a82cb258f (webtiles) character file.

Game seed: 7380270238499148494

1364 LynnLen the Covert (level 8, -3/52 HPs)
             Began as a Vampire Enchanter on Aug 5, 2022.
             Slain by Pikel
             ... wielding a +2 whip of electrocution
              (18 damage)
             ... on level 6 of the Dungeon.
             The game lasted 00:19:11 (5199 turns).

LynnLen the Covert (Vampire Enchanter)              Turns: 5199, Time: 00:19:12

Health: -3/52      AC:  6    Str:  7    XL:     8   Next: 38%
Magic:  6/11       EV: 12    Int: 17    God:
Gold:   267        SH:  0    Dex: 17    Spells: 7/11 levels left

rFire   + . .      SeeInvis +   a - +2 dagger
rCold   . . .      Faith    .   (no shield)
rNeg    . . .      Spirit   .   g - +0 leather armour
rPois   .          Reflect  .   (no helmet)
rElec   .          Harm     .   (no cloak)
rCorr   .          Rampage  .   (no gloves)
Will    .....                   p - +2 pair of boots
Stlth   ++++......              (no amulet)
HPRegen 0.37/turn               m - ring of protection from fire
MPRegen 0.12/turn               (no ring)

@: confusing by touch, healing quickly
A: alive, fangs 3, see invisible, vampiric 2
a: Exsanguinate


You were on level 6 of the Dungeon.
You visited 1 branch of the dungeon, and saw 6 of its levels.

You collected 267 gold pieces.

Inventory:

Hand Weapons
 a - a +2 dagger (weapon)
Missiles
 d - 147 stones (quivered)
Armour
 g - a +0 leather armour (worn)
 p - a +2 pair of boots (worn)
Jewellery
 m - a ring of protection from fire (left hand)
Wands
 l - a wand of iceblast (7)
Scrolls
 c - 3 scrolls of vulnerability {unknown}
 f - a scroll of noise
 i - a scroll of immolation {unknown}
 j - a scroll of blinking
 o - a scroll of teleportation
 r - 2 scrolls of acquirement {unknown}
Potions
 b - 2 potions of heal wounds
 e - a potion of haste
 h - a potion of magic {unknown}
 k - 2 potions of curing
 q - a potion of mutation {unknown}


   Skills:
 * Level 9.2 Short Blades
 - Level 2.1 Dodging
 + Level 10.2 Stealth
 - Level 2.0 Spellcasting
 - Level 4.4 Hexes


You had 7 spell levels left.
You knew the following spells:

 Your Spells              Type           Power      Damage    Failure   Level
a - Confusing Touch       Hex            16%        N/A       14%         3
b - Slow                  Hex            64%        N/A       4%          1

Your spell library contained the following spells:

 Spells                   Type           Power      Damage    Failure   Level
 Tukima's Dance           Hex            16%        N/A       14%         3
 Ensorcelled Hibernation  Hex/Ice        18%        N/A       19%         2
 Dazzling Flash           Conj/Hex       18%        N/A       34%         3
 Portal Projectile        Hex/Tloc       18%        N/A       34%         3
 Call Canine Familiar     Summ           1%         N/A       65%         3
 Gell's Gravitas          Tloc           1%         N/A       65%         3
 Teleport Other           Tloc           1%         N/A       65%         3
 Vampiric Draining        Necr           1%         2d6       65%         3
 Leda's Liquefaction      Hex/Erth       4%         N/A       75%         4
 Conjure Ball Lightning   Conj/Air       0%         3x3d6     100%        6
 Dispersal                Tloc           0%         N/A       100%        6
 Discord                  Hex            8%         N/A       100%        8
 Disjunction              Tloc           0%         N/A       100%        8


Dungeon Overview and Level Annotations

Branches:
Dungeon (6/15)
 Temple: D:4-7

Altars:
Ashenzari
Nemelex Xobeh
Uskayaw
Vehumet
Zin

Shops:
D:4 *   D:6 (((*

Annotations:
D:6 Pikel


Innate Abilities, Weirdness & Mutations

Your natural rate of healing is accelerated.
You have razor-sharp teeth.
You have supernaturally acute eyesight. (SInv)
You are afflicted with vampirism and can become a bat while bloodless.


Message History

You barely miss the lemure. Your bite misses the lemure. The lemure misses you.
You barely miss the lemure.
Pikel drinks a potion.
Pikel seems to grow stronger.
You hit the lemure but do no damage. The lemure hits you but does no damage.
You closely miss the lemure. You hit the lemure but do no damage.
The lemure appears confused.
The lemure hits Pikel.
The lemure hits itself but does no damage.
Pikel says, "I touched Geryon's horn once."
You catch the helpless lemure completely off-guard!
You skewer the lemure like a kebab!!!
You kill the lemure!
That felt strangely unrewarding.
Casting: Confusing Touch (dangerous; 14% risk of failure)
Confirm with . or Enter, or press ? or * to list all spells.
Your hands begin to glow red.
Pikel hits you with a +2 whip of electrocution!
You barely miss Pikel.
Pikel is lightly wounded.
You hit Pikel but do no damage.
Pikel is lightly wounded.
Pikel hits you but does no damage.
You hit Pikel but do no damage.
Pikel is lightly wounded.
You hit Pikel but do no damage. Your bite misses Pikel.
Pikel is lightly wounded.
Pikel hits you with a +2 whip of electrocution!
You hit Pikel but do no damage. You bite Pikel.
Pikel is lightly wounded.
You barely miss Pikel. Your bite misses Pikel.
Pikel is lightly wounded.
Pikel barely misses you.
You hit Pikel but do no damage.
Pikel is lightly wounded.
You hit Pikel but do no damage. Your bite misses Pikel.
Pikel is lightly wounded.
Pikel hits you with a +2 whip of electrocution.
* * * LOW HITPOINT WARNING * * *
You are electrocuted!!
You die...

##### ### ###
#.#.######.########.#
#...................#
#.#################.#
#.....@K5.....# #.#
#############.# #.#
#.# #.# #.# #.# #.#
#.### ##5# #.... #.5#
#.... ######.K# #....
........# #.###


You could see Pikel (strong) and a lemure.

Vanquished Creatures
  Sigmund (D:5)
  Menkaure (D:6)
  An orc warrior (D:5)
  An ice beast (D:5)
  A necrophage (D:6)
  A centaur (D:6)
  3 ogres
  2 lemures (D:6)
  Blork the orc (D:4)
  A water moccasin zombie (D:5)
  2 hounds
  A centaur skeleton (D:5)
  2 orc priests
  A bullfrog skeleton (D:5)
  A hound skeleton (D:4)
  7 gnolls
  4 adders
  An adder skeleton (D:4)
  3 worms
  A dart slug (D:2)
  7 orcs
  3 ball pythons
  9 endoplasms
  6 giant cockroaches
  5 goblins
  4 hobgoblins
  4 quokkas
  3 bats
  5 frilled lizards
  6 kobolds
  5 rats
93 creatures vanquished.

Vanquished Creatures (others)
  An orc (D:3)
1 creature vanquished.

Grand Total: 94 creatures vanquished

Notes
Turn   | Place    | Note
-------+----------+-------------------------------------------
     0 | D:1      | LynnLen the Vampire Enchanter began the quest for the Orb.
     0 | D:1      | Reached XP level 1. HP: 13/13 MP: 3/3
   214 | D:1      | Reached XP level 2. HP: 2/19 MP: 5/5
   652 | D:1      | Reached skill level 5 in Stealth
   652 | D:1      | Gained mutation: You are afflicted with vampirism and can
                  | become a bat while bloodless. [Vampire growth]
   652 | D:1      | Reached XP level 3. HP: 24/24 MP: 6/6
   667 | D:1      | Learned a level 3 spell: Confusing Touch
  1419 | D:2      | Reached XP level 4. HP: 24/30 MP: 3/7
  1474 | D:2      | HP: 1/30 [gnoll/+0 spear (4)]
  1660 | D:2      | Found a faded altar of an unknown god.
  2239 | D:3      | Reached skill level 6 in Stealth
  2256 | D:3      | Found a radiant altar of Vehumet.
  2262 | D:3      | Found a broken altar of Ashenzari.
  2414 | D:3      | Reached XP level 5. HP: 34/35 MP: 1/8
  2725 | D:3      | Learned a level 1 spell: Slow
  2927 | D:4      | Noticed Blork the orc
  2941 | D:4      | Killed Blork the orc
  2942 | D:4      | Reached skill level 5 in Short Blades
  3218 | D:4      | Noticed an ogre
  3231 | D:4      | Killed an ogre
  3232 | D:4      | Reached skill level 7 in Stealth
  3232 | D:4      | Reached XP level 6. HP: 41/41 MP: 4/9
  3345 | D:4      | Found a sparkling altar of Nemelex Xobeh.
  3498 | D:4      | Found Ruahurphuh's Assorted Antiques.
  3661 | D:5      | Entered Level 5 of the Dungeon
  3685 | D:5      | Noticed an ice beast
  3690 | D:5      | Killed an ice beast
  3738 | D:5      | Reached skill level 8 in Stealth
  3738 | D:5      | Reached XP level 7. HP: 27/46 MP: 6/10
  3841 | D:5      | Found a hide-covered altar of Uskayaw.
  4352 | D:5      | Noticed Sigmund
  4378 | D:5      | Killed Sigmund
  4379 | D:5      | Reached skill level 9 in Stealth
  4645 | D:6      | Found Jeasmaq's General Store.
  4645 | D:6      | Found Goberrux's Weapon Shop.
  4665 | D:6      | Reached XP level 8. HP: 35/52 MP: 7/11
  4712 | D:6      | Found Couf's Weapon Shop.
  4713 | D:6      | Found Fizo's Antique Weapon Shop.
  4836 | D:6      | Noticed Menkaure
  4893 | D:6      | Killed Menkaure
  4894 | D:6      | Reached skill level 10 in Stealth
  5125 | D:6      | Noticed Pikel
  5199 | D:6      | Slain by Pikel

Illustrated notes

Levels and vault maps discovered:
D:1:      psy_arrival_statuary, layout_basic, chequers_serial_rivers_micro_c,
          roderic_lattice_a, roderic_nine_men_s_morris, kennysheep_crisscross
D:2:      layout_basic, basic_ecumenical_altar
D:3:      layout_basic, lemuel_crystal_altar, amcnicky_altar_gilded,
          fiery_altar_vehumet, corexii_leaking_fountain
D:4:      layout_basic, mainiacjoe_overflow_alcove_2, serial_shops, shop_statue,
          uniq_blork_the_orc
D:5:      layout_rooms, nicolae_uskayaw_suspiria, kennysheep_generic_room_3,
          uniq_sigmund
D:6:      layout_basic, serial_curves, eino_curves_03, eino_curves_03,
          minmay_shop_grid_forest, uniq_edmund, uniq_menkaure, uniq_grinder,
          uniq_pikel

Skill      XL: |  1  2  3  4  5  6  7  8 |
---------------+-------------------------+-----
Short Blades   | 2 3 4 5 6 8 9 |  9.2
Stealth        | 5 6 7 8 9 10 | 10.2
Dodging        | |  2.1
Spellcasting   | |  2.0
Hexes          | |  4.4

Action                   |  1- 3 |  4- 6 |  7- 9 || total
-------------------------+-------+-------+-------++-------
Melee: Dagger            |   110 |   196 |   143 ||   449
       Bite              |    12 |    27 |    32 ||    71
       Punch             |     3 |     1 |     2 ||     6
 Cast: Confusing Touch   |     3 |    12 |    16 ||    31
       Slow              |       |     2 |       ||     2
  Use: Scroll            |       |     6 |     1 ||     7
       Potion            |       |     3 |       ||     3
 Stab: Sleeping          |     9 |     6 |     1 ||    16
       Confused          |     2 |    11 |    12 ||    25
       Distracted        |       |     1 |       ||     1
Armor: Robe              |    17 |     5 |       ||    22
       Leather armour    |       |    20 |    30 ||    50
Dodge: Dodged            |    64 |    76 |    66 ||   206
